TOP OF THE 1ST |
Oklahoma State Cowboys batting - Pitching for South Florida Bulls : LHP Bill Thomas
|
Pitching: LHP Bill Thomas
|
|
Batting: RHB Derrek Lane
|
0-0: Ball 1-0: Foul Ball, location: 2F 1-1: Ball 2-1: Fly out, F7 (Flyball, 7LS)
|
Batting: SHB Ernest Hood
|
0-0: Ball 1-0: Called Strike 1-1: Swinging Strike 1-2: Foul Ball, location: 2F 1-2: Ball 2-2: Foul Ball, location: 2F 2-2: SINGLE (Groundball, 6MD)
|
Batting: LHB Bill Bryan
|
0-0: Called Strike 0-1: Ball 1-1: Swinging Strike 1-2: Ball 2-2: Strikes out swinging
|
Batting: SHB Jacob Lachance
|
0-0: Ball Ernest Hood steals 2nd base 1-0: Swinging Strike 1-1: Foul Ball, location: 2F 1-2: Strikes out swinging
|
Top of the 1st over - 0 run(s), 1 hit(s), 0 error(s), 1 left on base; Oklahoma State 0 - South Florida 0 |
BOTTOM OF THE 1ST |
South Florida Bulls batting - Pitching for Oklahoma State Cowboys : RHP Chad Swanson
|
Pitching: RHP Chad Swanson
|
|
Batting: RHB Ronnie Rogers
|
0-0: Ball 1-0: Ball 2-0: Foul Ball, location: 2F 2-1: Ball 3-1: Fly out, F7 (Line Drive, 7)
|
Batting: LHB Don Glassman
|
0-0: Called Strike 0-1: Ball 1-1: Ground out 4-3 (Groundball, 34)
|
Batting: RHB Víctor Pérez
|
0-0: Ball 1-0: Ball 2-0: Ball 3-0: Base on Balls
|
Batting: LHB Bill McHone
|
0-0: Ball 1-0: Foul Ball, location: 2F 1-1: Swinging Strike 1-2: Foul Ball, location: 2F 1-2: Ball 2-2: Ball 3-2: Foul Ball, location: 2F 3-2: Foul Ball, location: 2F 3-2: Foul Ball, location: 2F 3-2: Strikes out swinging
|
Bottom of the 1st over - 0 run(s), 0 hit(s), 0 error(s), 1 left on base; Oklahoma State 0 - South Florida 0 |
TOP OF THE 2ND |
Oklahoma State Cowboys batting - Pitching for South Florida Bulls : LHP Bill Thomas
|
Batting: RHB Burt Sharp
|
0-0: Swinging Strike 0-1: Ball 1-1: Foul Ball, location: 2F 1-2: Foul Ball, location: 2F 1-2: Ball 2-2: Ball 3-2: Base on Balls
|
Batting: RHB Dennis Ingram
|
0-0: Foul Ball, location: 2F 0-1: Swinging Strike 0-2: Fly out, F7 (Flyball, 7LM)
|
Batting: RHB Larry Young
|
0-0: Ball 1-0: Swinging Strike 1-1: Ball 2-1: Foul Ball, location: 2F 2-2: Ball 3-2: Base on Balls Burt Sharp to second
|
Batting: SHB Myles Hopkins
|
0-0: Ball Throwing error on steal attempt, E2 Burt Sharp scores Larry Young to third 1-0: Called Strike 1-1: Swinging Strike 1-2: Strikes out swinging
|
Batting: RHB Doug Wells
|
0-0: Called Strike 0-1: Ball 1-1: Foul Ball, location: 2F 1-2: Strikes out swinging
|
Top of the 2nd over - 1 run(s), 0 hit(s), 1 error(s), 1 left on base; Oklahoma State 1 - South Florida 0 |
BOTTOM OF THE 2ND |
South Florida Bulls batting - Pitching for Oklahoma State Cowboys : RHP Chad Swanson
|
Batting: RHB Jordan Ashby
|
0-0: Ball 1-0: Called Strike 1-1: Swinging Strike 1-2: Strikes out swinging
|
Batting: LHB Roland Nelson
|
0-0: Ball 1-0: Fly out, F9 (Line Drive, 89M)
|
Batting: RHB John Russell
|
0-0: Ball 1-0: Called Strike 1-1: Swinging Strike 1-2: Strikes out swinging
|
Bottom of the 2nd over - 0 run(s), 0 hit(s), 0 error(s), 0 left on base; Oklahoma State 1 - South Florida 0 |
TOP OF THE 3RD |
Oklahoma State Cowboys batting - Pitching for South Florida Bulls : LHP Bill Thomas
|
Batting: RHB Derrek Lane
|
0-0: Swinging Strike 0-1: Bunt for hit - play at first, batter OUT! 2-3
|
Batting: SHB Ernest Hood
|
0-0: Ground out 4-3 (Groundball, 34)
|
Batting: LHB Bill Bryan
|
0-0: Swinging Strike 0-1: Ball 1-1: Foul Ball, location: 2F 1-2: Ball 2-2: Foul Ball, location: 2F 2-2: Fly out, F8 (Flyball, 8RM)
|
Top of the 3rd over - 0 run(s), 0 hit(s), 0 error(s), 0 left on base; Oklahoma State 1 - South Florida 0 |
BOTTOM OF THE 3RD |
South Florida Bulls batting - Pitching for Oklahoma State Cowboys : RHP Chad Swanson
|
Batting: LHB Martin Ortíz
|
0-0: Ball 1-0: Fly out, F8 (Flyball, 8RM)
|
Batting: SHB Troy Holland
|
0-0: SINGLE (Line Drive, 4D)
|
Batting: RHB Ronnie Rogers
|
0-0: Called Strike 0-1: Foul Ball, location: 2F 0-2: Ball 1-2: Strikes out swinging
|
Batting: LHB Don Glassman
|
0-0: Fly out, F7 (Flyball, 7S)
|
Bottom of the 3rd over - 0 run(s), 1 hit(s), 0 error(s), 1 left on base; Oklahoma State 1 - South Florida 0 |
TOP OF THE 4TH |
Oklahoma State Cowboys batting - Pitching for South Florida Bulls : LHP Bill Thomas
|
Batting: SHB Jacob Lachance
|
0-0: Ball 1-0: Ball 2-0: Ball 3-0: Called Strike 3-1: Foul Ball, location: 2F 3-2: Fly out, F9 (Flyball, 9)
|
Batting: RHB Burt Sharp
|
0-0: Called Strike 0-1: Foul Ball, location: 2F 0-2: Ball 1-2: Foul Ball, location: 2F 1-2: Ball 2-2: Strikes out swinging
|
Batting: RHB Dennis Ingram
|
0-0: Foul Ball, location: 2F 0-1: Ball 1-1: Swinging Strike 1-2: Foul Ball, location: 2F 1-2: Strikes out swinging
|
Top of the 4th over - 0 run(s), 0 hit(s), 0 error(s), 0 left on base; Oklahoma State 1 - South Florida 0 |
BOTTOM OF THE 4TH |
South Florida Bulls batting - Pitching for Oklahoma State Cowboys : RHP Chad Swanson
|
Batting: RHB Víctor Pérez
|
0-0: Fly out, F9 (Flyball, 9)
|
Batting: LHB Bill McHone
|
0-0: Swinging Strike 0-1: Ball 1-1: Foul Ball, location: 2F 1-2: Ball 2-2: Ground out 4-3 (Groundball, 4)
|
Batting: RHB Jordan Ashby
|
0-0: SINGLE (Groundball, 25) (infield hit)
|
Batting: LHB Roland Nelson
|
0-0: Ball 1-0: Ball 2-0: Called Strike 2-1: Called Strike 2-2: Strikes out looking
|
Bottom of the 4th over - 0 run(s), 1 hit(s), 0 error(s), 1 left on base; Oklahoma State 1 - South Florida 0 |
TOP OF THE 5TH |
Oklahoma State Cowboys batting - Pitching for South Florida Bulls : LHP Bill Thomas
|
Batting: RHB Larry Young
|
0-0: Called Strike 0-1: Foul Ball, location: 2F 0-2: Strikes out looking
|
Batting: SHB Myles Hopkins
|
0-0: Swinging Strike 0-1: Swinging Strike 0-2: Ground out 6-3 (Groundball, 56)
|
Batting: RHB Doug Wells
|
0-0: Called Strike 0-1: Foul Ball, location: 2F 0-2: Strikes out swinging
|
Top of the 5th over - 0 run(s), 0 hit(s), 0 error(s), 0 left on base; Oklahoma State 1 - South Florida 0 |
BOTTOM OF THE 5TH |
South Florida Bulls batting - Pitching for Oklahoma State Cowboys : RHP Chad Swanson
|
Batting: RHB John Russell
|
0-0: Called Strike 0-1: Called Strike 0-2: Foul Ball, location: 2F 0-2: Strikes out looking
|
Batting: LHB Martin Ortíz
|
0-0: Called Strike 0-1: Ball 1-1: Fly out, F7 (Flyball, 7S)
|
Batting: SHB Troy Holland
|
0-0: Foul Ball, location: 2F 0-1: Ball 1-1: Ball 2-1: Swinging Strike 2-2: Strikes out swinging
|
Bottom of the 5th over - 0 run(s), 0 hit(s), 0 error(s), 0 left on base; Oklahoma State 1 - South Florida 0 |
TOP OF THE 6TH |
Oklahoma State Cowboys batting - Pitching for South Florida Bulls : LHP Bill Thomas
|
Batting: RHB Derrek Lane
|
0-0: SOLO HOME RUN (Flyball, 9LD), Distance : 317 ft
|
Pitching: RHP Steve Logan
|
|
Batting: SHB Ernest Hood
|
0-0: Ball 1-0: SINGLE (Line Drive, 8LS)
|
Batting: LHB Bill Bryan
|
0-0: Called Strike 0-1: Grounds into double play, 6-4-3 (Groundball, 6M)
|
Batting: SHB Jacob Lachance
|
0-0: Ball 1-0: Foul Ball, location: 2F 1-1: Swinging Strike 1-2: Strikes out swinging
|
Top of the 6th over - 1 run(s), 2 hit(s), 0 error(s), 0 left on base; Oklahoma State 2 - South Florida 0 |
BOTTOM OF THE 6TH |
South Florida Bulls batting - Pitching for Oklahoma State Cowboys : RHP Chad Swanson
|
Batting: RHB Ronnie Rogers
|
0-0: Called Strike 0-1: Ball 1-1: Ball 2-1: Foul Ball, location: 2F 2-2: Fly out, F8 (Flyball, 8RM)
|
Batting: LHB Don Glassman
|
0-0: Ball 1-0: Ball 2-0: Called Strike 2-1: Called Strike 2-2: Fly out, F8 (Flyball, 8LS)
|
Batting: RHB Víctor Pérez
|
0-0: Called Strike 0-1: Ground out 4-3 (Groundball, 4)
|
Bottom of the 6th over - 0 run(s), 0 hit(s), 0 error(s), 0 left on base; Oklahoma State 2 - South Florida 0 |
TOP OF THE 7TH |
Oklahoma State Cowboys batting - Pitching for South Florida Bulls : RHP Steve Logan
|
Batting: RHB Burt Sharp
|
0-0: Swinging Strike 0-1: Fly out, F9 (Flyball, 89S)
|
Batting: RHB Dennis Ingram
|
0-0: Called Strike 0-1: Ball 1-1: Called Strike 1-2: Ball 2-2: Strikes out swinging
|
Batting: RHB Larry Young
|
0-0: Ball 1-0: Swinging Strike 1-1: Ball 2-1: Called Strike 2-2: Strikes out swinging
|
Top of the 7th over - 0 run(s), 0 hit(s), 0 error(s), 0 left on base; Oklahoma State 2 - South Florida 0 |
BOTTOM OF THE 7TH |
South Florida Bulls batting - Pitching for Oklahoma State Cowboys : RHP Chad Swanson
|
Batting: LHB Bill McHone
|
0-0: Called Strike 0-1: Foul Ball, location: 2F 0-2: Ball 1-2: Reached on error, E5 (Groundball, 5S)
|
Pitching: RHP Alfonso Rodríguez
|
|
Batting: RHB Jordan Ashby
|
0-0: Ball 1-0: Ball 2-0: Called Strike 2-1: DOUBLE (Line Drive, 89D) Bill McHone to third
|
Batting: LHB Roland Nelson
|
0-0: Called Strike 0-1: 3-RUN HOME RUN (Flyball, 78XD), Distance : 365 ft
|
Pitching: LHP Barry Arroyo
|
|
Batting: RHB John Russell
|
0-0: Fly out, F4 (Popup, 34D)
|
Batting: LHB Martin Ortíz
|
0-0: Called Strike 0-1: Foul Ball, location: 2F 0-2: Strikes out looking
|
Batting: SHB Troy Holland
|
0-0: Swinging Strike 0-1: Swinging Strike 0-2: Ball Error on foul ball, E3 1-2: SINGLE (Line Drive, 78S)
|
Batting: RHB Ronnie Rogers
|
0-0: Ball 1-0: Ball 2-0: Swinging Strike 2-1: Called Strike 2-2: Foul Ball, location: 2F 2-2: Ball Troy Holland steals 2nd base 3-2: Foul Ball, location: 2F 3-2: Base on Balls
|
Batting: LHB Don Glassman
|
0-0: Foul Ball, location: 2F 0-1: Ball 1-1: Ball 2-1: Called Strike 2-2: Ball 3-2: Base on Balls Troy Holland to third Ronnie Rogers to second
|
Batting: RHB Víctor Pérez
|
0-0: Foul Ball, location: 2F 0-1: Ball 1-1: Ball 2-1: Called Strike 2-2: Ball 3-2: Base on Balls Troy Holland scores Ronnie Rogers to third Don Glassman to second
|
Batting: LHB Bill McHone
|
0-0: Called Strike 0-1: Ball 1-1: Called Strike 1-2: Ball 2-2: DOUBLE (Flyball, 78D) Ronnie Rogers scores Don Glassman scores Víctor Pérez to third Runner from 3rd tries for Home, SAFE, no throw
|
Pitching: RHP Stu Morris
|
|
Batting: RHB Jordan Ashby
|
0-0: Ball 1-0: Ball 2-0: Called Strike 2-1: Foul Ball, location: 2F 2-2: Ball 3-2: Foul Ball, location: 2F 3-2: Base on Balls
|
Batting: LHB Roland Nelson
|
0-0: Swinging Strike 0-1: Ball 1-1: SINGLE (Line Drive, 56) Bill McHone to third Jordan Ashby to second Runner from 3rd tries for Home, SAFE, no throw
|
Batting: RHB John Russell
|
0-0: Swinging Strike 0-1: Ball 1-1: Foul Ball, location: 2F 1-2: Foul Ball, location: 2F 1-2: Ball 2-2: Fly out, F5 (Line Drive, 5S)
|
Bottom of the 7th over - 8 run(s), 5 hit(s), 2 error(s), 2 left on base; Oklahoma State 2 - South Florida 8 |
TOP OF THE 8TH |
Oklahoma State Cowboys batting - Pitching for South Florida Bulls : RHP Steve Logan
|
Batting: SHB Myles Hopkins
|
0-0: Swinging Strike 0-1: Called Strike 0-2: Foul Ball, location: 2F 0-2: Strikes out swinging
|
Batting: RHB Doug Wells
|
0-0: Ball 1-0: Ball 2-0: Ball 3-0: Called Strike 3-1: Foul Ball, location: 2F 3-2: Base on Balls
|
Batting: RHB Derrek Lane
|
0-0: Called Strike 0-1: Ball 1-1: Foul Ball, location: 2F 1-2: Foul Ball, location: 2F 1-2: Foul Ball, location: 2F 1-2: Foul Ball, location: 2F 1-2: Strikes out swinging
|
Batting: SHB Ernest Hood
|
0-0: Ball 1-0: Ball 2-0: SINGLE (Groundball, 56D) Doug Wells to second
|
Batting: LHB Bill Bryan
|
0-0: Called Strike 0-1: Ball 1-1: Foul Ball, location: 2F 1-2: Ball 2-2: Strikes out looking
|
Top of the 8th over - 0 run(s), 1 hit(s), 0 error(s), 2 left on base; Oklahoma State 2 - South Florida 8 |
BOTTOM OF THE 8TH |
South Florida Bulls batting - Pitching for Oklahoma State Cowboys : RHP Stu Morris
|
Batting: LHB Martin Ortíz
|
0-0: Ball 1-0: Called Strike 1-1: Ball 2-1: Swinging Strike 2-2: DOUBLE (Line Drive, 9LM)
|
Batting: SHB Troy Holland
|
0-0: Ball 1-0: Swinging Strike 1-1: Foul Ball, location: 2F 1-2: Hit by Pitch
|
Batting: RHB Ronnie Rogers
|
0-0: Ball 1-0: Ball 2-0: Foul Ball, location: 2F 2-1: Ball 3-1: Base on Balls Martin Ortíz to third Troy Holland to second
|
Batting: LHB Don Glassman
|
0-0: Ball 1-0: Ball 2-0: Ball 3-0: Called Strike 3-1: Base on Balls Martin Ortíz scores Troy Holland to third Ronnie Rogers to second
|
Batting: RHB Víctor Pérez
|
0-0: Ball 1-0: Called Strike 1-1: Swinging Strike 1-2: Fielders Choice at 2nd, 5-4 (Groundball, 56) Troy Holland scores Ronnie Rogers to third
|
Batting: LHB Bill McHone
|
0-0: Ball 1-0: Ball 2-0: Ball 3-0: Base on Balls Víctor Pérez to second
|
Batting: RHB Jordan Ashby
|
0-0: Fly out, F9 (Flyball, 9LSF) Runner from 3rd tags up, SCORES, no throw
|
Pitching: LHP John Curtis
|
|
Batting: LHB Roland Nelson
|
0-0: Swinging Strike 0-1: SINGLE (Groundball, 4MD) Víctor Pérez to third Bill McHone to second Runner from 3rd tries for Home, SAFE, no throw
|
Batting: RHB John Russell
|
0-0: Ball 1-0: Swinging Strike 1-1: Called Strike 1-2: Ball 2-2: Foul Ball, location: 2F 2-2: Ball 3-2: Strikes out swinging
|
Bottom of the 8th over - 4 run(s), 2 hit(s), 0 error(s), 2 left on base; Oklahoma State 2 - South Florida 12 |
TOP OF THE 9TH |
Oklahoma State Cowboys batting - Pitching for South Florida Bulls : RHP Steve Logan
|
Pitching: LHP Michel Bachand
|
|
Batting: SHB Jacob Lachance
|
0-0: Called Strike 0-1: Ball 1-1: Called Strike 1-2: Foul Ball, location: 2F 1-2: Ball 2-2: Foul Ball, location: 2F 2-2: Fly out, F8 (Flyball, 8LM)
|
Batting: RHB Burt Sharp
|
0-0: Foul Ball, location: 2F 0-1: Ball 1-1: Ball 2-1: Fly out, F9 (Line Drive, 89D)
|
Batting: RHB Dennis Ingram
|
0-0: Ground out 4-3 (Groundball, 4)
|
Top of the 9th over - 0 run(s), 0 hit(s), 0 error(s), 0 left on base; Oklahoma State 2 - South Florida 12 |
|